MLB
HOUSTON ASTROS @ CLEVELAND INDIANS
05/25/2018
 
TOP OF THE 1ST
Houston Astros batting - Pitching for Cleveland Indians : RHP Ervin Santana
Pitching: RHP Ervin Santana
Batting: LHB Brock Holt 0-0: Called Strike
0-1: Ball
1-1: Fly out, F8 (Line Drive, 8RD)
Batting: RHB Xander Bogaerts 0-0: Ball
1-0: Called Strike
1-1: Called Strike
1-2: Strikes out looking
Batting: LHB Rougned Odor 0-0: Called Strike
0-1: DOUBLE (Flyball, 8RXD)
Batting: RHB Trey Mancini 0-0: Called Strike
0-1: Ball
1-1: Foul Ball, location: 2F
1-2: Ball
2-2: Ball
3-2: Strikes out swinging
Top of the 1st over - 0 runs, 1 hit, 0 errors, 1 left on base; Houston 0 - Cleveland 0
BOTTOM OF THE 1ST
Cleveland Indians batting - Pitching for Houston Astros : LHP Robbie Ray
Pitching: LHP Robbie Ray
Batting: SHB Jose Ramirez 0-0: Foul Ball, location: 2F
0-1: Swinging Strike
0-2: Foul Ball, location: 2F
0-2: Foul Ball, location: 2F
0-2: SINGLE (Flyball, 9S)
Batting: RHB Marcus Semien 0-0: SINGLE (Groundball, 34D)
Jose Ramirez to second
Runner from 2nd tries for 3rd, SAFE, throw by RF made to third
Batting: LHB Christian Yelich 0-0: Ball
1-0: SINGLE (Line Drive, 9S)
Jose Ramirez scores
Marcus Semien to second
Batting: RHB Steven Souza Jr. 0-0: Ball
1-0: Called Strike
1-1: Ball
2-1: Ball
3-1: Base on Balls
Marcus Semien to third
Christian Yelich to second
Batting: LHB Eric Hosmer 0-0: Ball
1-0: Called Strike
1-1: Swinging Strike
1-2: Ball
2-2: DOUBLE (Groundball, 3L)
Marcus Semien scores
Christian Yelich scores
Steven Souza Jr. to third
Batting: LHB Matt Carpenter 0-0: Ball
1-0: Ball
2-0: Ball
3-0: Base on Balls
Batting: RHB Jung-ho Kang 0-0: Called Strike
0-1: Ball
1-1: Ball
2-1: Grounds into double play, 6-4-3 (Groundball, 6)
Steven Souza Jr. scores
Eric Hosmer to third
Batting: RHB Mitch Garver 0-0: Ball
1-0: Ball
2-0: Foul Ball, location: 2F
2-1: Swinging Strike
2-2: Fly out, F8 (Line Drive, 8RD)
Bottom of the 1st over - 4 runs, 4 hits, 0 errors, 1 left on base; Houston 0 - Cleveland 4
TOP OF THE 2ND
Houston Astros batting - Pitching for Cleveland Indians : RHP Ervin Santana
Batting: LHB Dominic Smith 0-0: Ball
1-0: Fly out, F8 (Flyball, 8LD)
Batting: RHB Josh Harrison 0-0: Foul Ball, location: 2F
0-1: SINGLE (Line Drive, 7S)
Batting: LHB Colin Moran 0-0: Foul Ball, location: 2F
0-1: Ball
1-1: Ball
2-1: Ball
3-1: Called Strike
3-2: Foul Ball, location: 2F
3-2: Base on Balls
Josh Harrison to second
Batting: LHB Jason Heyward 0-0: Foul Ball, location: 2F
0-1: Fly out, F9 (Line Drive, 9)
Batting: RHB Welington Castillo 0-0: Ball
1-0: Foul Ball, location: 2F
1-1: Fly out, F8 (Flyball, 8LM)
Top of the 2nd over - 0 runs, 1 hit, 0 errors, 2 left on base; Houston 0 - Cleveland 4
BOTTOM OF THE 2ND
Cleveland Indians batting - Pitching for Houston Astros : LHP Robbie Ray
Batting: RHB Lane Adams 0-0: Called Strike
0-1: Foul Ball, location: 2F
0-2: Ball
1-2: Ball
2-2: Ball
3-2: Fly out, F4 (Line Drive, 4)
Batting: SHB Jose Ramirez 0-0: Ball
1-0: Ball
2-0: Ball
3-0: Base on Balls
Batting: RHB Marcus Semien 0-0: Ball
1-0: Ball
2-0: Foul Ball, location: 2F
2-1: Ball
3-1: SINGLE (Line Drive, 34D)
Jose Ramirez to second
Runner from 2nd tries for 3rd, SAFE, throw by RF made to third
Batting: LHB Christian Yelich 0-0: Swinging Strike
0-1: Ball
1-1: SINGLE (Line Drive, 4MD)
Jose Ramirez scores
Marcus Semien to second
Batting: RHB Steven Souza Jr. 0-0: Foul Ball, location: 2F
0-1: Ball
1-1: Foul Ball, location: 2F
1-2: Strikes out swinging
Batting: LHB Eric Hosmer 0-0: Swinging Strike
0-1: Ball
1-1: Fly out, F8 (Flyball, 78M)
Bottom of the 2nd over - 1 run, 2 hits, 0 errors, 2 left on base; Houston 0 - Cleveland 5
TOP OF THE 3RD
Houston Astros batting - Pitching for Cleveland Indians : RHP Ervin Santana
Batting: LHB Brock Holt 0-0: Called Strike
0-1: Fly out, F7 (Line Drive, 7)
Batting: RHB Xander Bogaerts 0-0: Ball
1-0: Called Strike
1-1: Swinging Strike
1-2: Strikes out swinging
Batting: LHB Rougned Odor 0-0: Ball
1-0: Ball
2-0: Called Strike
2-1: Foul Ball, location: 2F
2-2: Ground out 4-3 (Groundball, 4D)
Top of the 3rd over - 0 runs, 0 hits, 0 errors, 0 left on base; Houston 0 - Cleveland 5
BOTTOM OF THE 3RD
Cleveland Indians batting - Pitching for Houston Astros : LHP Robbie Ray
Batting: LHB Matt Carpenter 0-0: Swinging Strike
0-1: Foul Ball, location: 2F
0-2: Strikes out looking
Batting: RHB Jung-ho Kang 0-0: Called Strike
0-1: Called Strike
0-2: Strikes out swinging
Batting: RHB Mitch Garver 0-0: Called Strike
0-1: Swinging Strike
0-2: Ball
1-2: Ball
2-2: Ball
3-2: Strikes out swinging
Bottom of the 3rd over - 0 runs, 0 hits, 0 errors, 0 left on base; Houston 0 - Cleveland 5
TOP OF THE 4TH
Houston Astros batting - Pitching for Cleveland Indians : RHP Ervin Santana
Batting: RHB Trey Mancini 0-0: Ball
1-0: Reached on error, E7 (Flyball, 7LS)
Batting: LHB Dominic Smith 0-0: Called Strike
0-1: Ball
1-1: DOUBLE (Flyball, 3D)
Trey Mancini to third
Batting: RHB Josh Harrison 0-0: DOUBLE (Line Drive, 7LS)
Trey Mancini scores
Dominic Smith scores
Batting: LHB Colin Moran 0-0: Foul Ball, location: 2F
0-1: Foul Ball, location: 2F
0-2: SINGLE (Line Drive, 8RS)
Josh Harrison to third
Runner from 3rd tries for Home, SAFE, throw by CF to home
Colin Moran to second
Batting: LHB Jason Heyward 0-0: Ball
1-0: Ball
2-0: Foul Ball, location: 2F
2-1: Fly out, F8 (Flyball, 8RS)
Batting: RHB Welington Castillo 0-0: Ball
1-0: Swinging Strike
1-1: Swinging Strike
1-2: Fly out, F6 (Flyball, 6MD)
Batting: LHB Brock Holt 0-0: Ball
1-0: Ball
2-0: Called Strike
2-1: Fly out, F7 (Line Drive, 7)
Top of the 4th over - 3 runs, 3 hits, 1 error, 1 left on base; Houston 3 - Cleveland 5
BOTTOM OF THE 4TH
Cleveland Indians batting - Pitching for Houston Astros : LHP Robbie Ray
Batting: RHB Lane Adams 0-0: Called Strike
0-1: Swinging Strike
0-2: Strikes out swinging
Batting: SHB Jose Ramirez 0-0: Foul Ball, location: 2F
0-1: Ball
1-1: Ball
2-1: Foul Ball, location: 2F
2-2: Ball
3-2: Foul Ball, location: 2F
3-2: Base on Balls
Batting: RHB Marcus Semien 0-0: Ball
1-0: Swinging Strike
1-1: Called Strike
1-2: Ball
2-2: Foul Ball, location: 2F
2-2: Strikes out swinging
Batting: LHB Christian Yelich 0-0: Called Strike
0-1: Ball
1-1: Foul Ball, location: 2F
1-2: SINGLE (Groundball, 56D)
Jose Ramirez to second
Jose Ramirez to third
Batting: RHB Steven Souza Jr. 0-0: Called Strike
0-1: Called Strike
0-2: Strikes out swinging
Bottom of the 4th over - 0 runs, 1 hit, 0 errors, 2 left on base; Houston 3 - Cleveland 5
TOP OF THE 5TH
Houston Astros batting - Pitching for Cleveland Indians : RHP Ervin Santana
Batting: RHB Xander Bogaerts 0-0: Called Strike
0-1: Ball
1-1: Called Strike
1-2: Ball
2-2: SOLO HOME RUN (Flyball, 89XD), Distance : 430 ft
Batting: LHB Rougned Odor 0-0: Ball
1-0: Called Strike
1-1: Ball
2-1: Ball
3-1: Foul Ball, location: 2F
3-2: Fly out, F9 (Flyball, 9D)
Batting: RHB Trey Mancini 0-0: Ball
1-0: Ball
2-0: Ball
3-0: Called Strike
3-1: Foul Ball, location: 2F
3-2: Foul Ball, location: 2F
3-2: Base on Balls
Batting: LHB Dominic Smith 0-0: Ball
1-0: Called Strike
1-1: DOUBLE (Line Drive, 8RXD)
Trey Mancini to third
Batting: RHB Josh Harrison 0-0: Ball
1-0: Ball
2-0: Foul Ball, location: 2F
2-1: Foul Ball, location: 2F
2-2: Ball
3-2: SINGLE (Groundball, 6MD)
Trey Mancini scores
Dominic Smith to third
Runner from 3rd tries for Home, SAFE, throw by CF to home
Josh Harrison to second
Pitching: RHP Evan Marshall
Batting: LHB Colin Moran 0-0: Ball
1-0: Foul Ball, location: 2F
1-1: Ball
2-1: Ball
3-1: Called Strike
3-2: Ground out 4-3 (Groundball, 4)
Josh Harrison to third
Batting: LHB Jason Heyward 0-0: Called Strike
0-1: Foul Ball, location: 2F
0-2: Strikes out looking
Top of the 5th over - 3 runs, 3 hits, 0 errors, 1 left on base; Houston 6 - Cleveland 5
BOTTOM OF THE 5TH
Cleveland Indians batting - Pitching for Houston Astros : LHP Robbie Ray
Pitching: RHP Paul Sewald
Batting: LHB Eric Hosmer 0-0: Ball
1-0: Ball
2-0: Ball
3-0: Base on Balls
Batting: LHB Matt Carpenter 0-0: Swinging Strike
0-1: Ball
1-1: Ball
2-1: Ball
3-1: Foul Ball, location: 2F
3-2: Fly out, F6 (Popup, 6)
Batting: RHB Jung-ho Kang 0-0: Ball
1-0: Called Strike
Pickoff Throw to First - Out! 1-3
1-1: Ball
2-1: DOUBLE (Groundball, 5L)
Batting: RHB Mitch Garver 0-0: Called Strike
0-1: Swinging Strike
0-2: Ball
1-2: Foul Ball, location: 2F
1-2: Ball
2-2: Foul Ball, location: 2F
2-2: Ground out 1-3 (Groundball, 34S)
Bottom of the 5th over - 0 runs, 1 hit, 0 errors, 1 left on base; Houston 6 - Cleveland 5
TOP OF THE 6TH
Houston Astros batting - Pitching for Cleveland Indians : RHP Evan Marshall
Batting: RHB Welington Castillo 0-0: Swinging Strike
0-1: Ball
1-1: DOUBLE (Flyball, 8LXD)
Batting: LHB Brock Holt 0-0: Called Strike
0-1: Ground out 4-3 (Groundball, 4)
Welington Castillo to third
Batting: RHB Xander Bogaerts 0-0: Ball
1-0: Ball
2-0: Called Strike
2-1: Foul Ball, location: 2F
2-2: Strikes out swinging
Pitching: LHP Zac Rosscup
Batting: LHB Rougned Odor 0-0: Ground out 4-3 (Groundball, 4)
Top of the 6th over - 0 runs, 1 hit, 0 errors, 1 left on base; Houston 6 - Cleveland 5
BOTTOM OF THE 6TH
Cleveland Indians batting - Pitching for Houston Astros : RHP Paul Sewald
Batting: RHB Lane Adams 0-0: Called Strike
0-1: Ball
1-1: Fly out, F7 (Flyball, 7D)
Batting: SHB Jose Ramirez 0-0: Ball
1-0: Ball
2-0: Called Strike
2-1: Foul Ball, location: 2F
2-2: Foul Ball, location: 2F
2-2: Foul Ball, location: 2F
2-2: SINGLE (Line Drive, 9LS)
Pitching: RHP Alex Colome
Batting: RHB Marcus Semien 0-0: Foul Ball, location: 2F
0-1: Grounds into double play, 4-6-3 (Groundball, 34)
Bottom of the 6th over - 0 runs, 1 hit, 0 errors, 0 left on base; Houston 6 - Cleveland 5
TOP OF THE 7TH
Houston Astros batting - Pitching for Cleveland Indians : LHP Zac Rosscup
Pitching: RHP Simon Castro
Batting: RHB Trey Mancini 0-0: Foul Ball, location: 2F
0-1: Swinging Strike
0-2: Fly out, F8 (Flyball, 8LM)
Batting: LHB Dominic Smith 0-0: SOLO HOME RUN (Line Drive, 78XD), Distance : 387 ft
Batting: RHB Josh Harrison 0-0: Called Strike
0-1: Ball
1-1: Foul Ball, location: 2F
1-2: Ball
2-2: Foul Ball, location: 2F
2-2: Foul Ball, location: 2F
2-2: Ball
3-2: Fly out, F3 (Popup, 3SF)
Batting: LHB Colin Moran 0-0: Fly out, F9 (Flyball, 9LSF)
Top of the 7th over - 1 run, 1 hit, 0 errors, 0 left on base; Houston 7 - Cleveland 5
BOTTOM OF THE 7TH
Cleveland Indians batting - Pitching for Houston Astros : RHP Alex Colome
Pitching: RHP Tony Zych
Batting: LHB Christian Yelich 0-0: Called Strike
0-1: Ball
1-1: Foul Ball, location: 2F
1-2: Strikes out looking
Batting: RHB Steven Souza Jr. 0-0: Ball
1-0: Called Strike
1-1: Fly out, F8 (Flyball, 8RD)
Batting: LHB Eric Hosmer 0-0: Ball
1-0: Foul Ball, location: 2F
1-1: Ball
2-1: SOLO HOME RUN (Line Drive, 9LD), Distance : 340 ft
Batting: LHB Matt Carpenter 0-0: Called Strike
0-1: Ball
1-1: SINGLE (Groundball, 3D)
Batting: RHB Jung-ho Kang 0-0: DOUBLE (Line Drive, 7LM)
Matt Carpenter to third
Runner from 3rd tries for Home, SAFE, no throw by LF
Batting: RHB Mitch Garver 0-0: Called Strike
0-1: Swinging Strike
0-2: Strikes out looking
Bottom of the 7th over - 2 runs, 3 hits, 0 errors, 1 left on base; Houston 7 - Cleveland 7
TOP OF THE 8TH
Houston Astros batting - Pitching for Cleveland Indians : RHP Simon Castro
Pitching: RHP David Hernandez
Batting: LHB Jason Heyward 0-0: Fly out, F8 (Line Drive, 8RD)
Batting: RHB Welington Castillo 0-0: Called Strike
0-1: Ball
1-1: Ground out 6-3 (Groundball, 6D)
Batting: LHB Brock Holt 0-0: Foul Ball, location: 2F
0-1: Ball
1-1: Swinging Strike
1-2: Ball
2-2: Ball
3-2: Base on Balls
Batting: RHB Xander Bogaerts 0-0: Ball
1-0: Swinging Strike
1-1: Ball
2-1: Ball
3-1: Base on Balls
Brock Holt to second
Pitching: RHP Hector Rondon
Batting: LHB Rougned Odor 0-0: Fly out, F3 (Popup, 34S)
Top of the 8th over - 0 runs, 0 hits, 0 errors, 2 left on base; Houston 7 - Cleveland 7
BOTTOM OF THE 8TH
Cleveland Indians batting - Pitching for Houston Astros : RHP Tony Zych
Pitching: LHP Chris Rusin
Batting: RHB Lane Adams 0-0: Fly out, F8 (Flyball, 78D)
Batting: SHB Jose Ramirez 0-0: Ball
1-0: Ball
2-0: Swinging Strike
2-1: Swinging Strike
2-2: Strikes out swinging
Batting: RHB Marcus Semien 0-0: Called Strike
0-1: DOUBLE (Groundball, 5L)
Batting: LHB Christian Yelich 0-0: Called Strike
0-1: Foul Ball, location: 2F
0-2: Ball
1-2: Ball
2-2: SINGLE (Groundball, 4D)
Marcus Semien to third
Runner from 3rd tries for Home, SAFE, throw by CF to home
Batting: RHB Steven Souza Jr. 0-0: Ball
1-0: Called Strike
1-1: Called Strike
1-2: Ball
2-2: Ball
3-2: Foul Ball, location: 2F
3-2: Base on Balls
Christian Yelich to second
Pitching: RHP Jose Urena
Batting: LHB Eric Hosmer 0-0: Called Strike
0-1: Foul Ball, location: 2F
0-2: Ball
1-2: Foul Ball, location: 2F
1-2: Ball
2-2: SINGLE (Line Drive, 78M)
Christian Yelich to third
Steven Souza Jr. to second
Runner from 3rd tries for Home, SAFE, throw by LF to home
Batting: LHB Matt Carpenter 0-0: Ball
1-0: Ball
2-0: Foul Ball, location: 2F
2-1: TRIPLE (Line Drive, 8LXD)
Steven Souza Jr. scores
Eric Hosmer scores
Batting: RHB Jung-ho Kang 0-0: Ball
1-0: Ground out 6-3 (Groundball, 56)
Bottom of the 8th over - 4 runs, 4 hits, 0 errors, 1 left on base; Houston 7 - Cleveland 11
TOP OF THE 9TH
Houston Astros batting - Pitching for Cleveland Indians : RHP Hector Rondon
Pitching: RHP Ryan Madson
Batting: RHB Trey Mancini 0-0: Called Strike
0-1: Ball
1-1: Called Strike
1-2: Ball
2-2: Strikes out swinging
Batting: LHB Dominic Smith 0-0: Ball
1-0: Foul Ball, location: 2F
1-1: DOUBLE (Line Drive, 89XD)
Batting: RHB Josh Harrison 0-0: Ground out 5-3 (Groundball, 5)
Batting: LHB Colin Moran 0-0: Ball
1-0: Fly out, F3 (Line Drive, 3)
Top of the 9th over - 0 runs, 1 hit, 0 errors, 1 left on base; Houston 7 - Cleveland 11
Friday, July 20th, 2018 - OOTP Baseball 19.7 Build 59